 Dungeon Crawl Stone Soup version 0.27-a0-681-g0c81a3c1c3 (webtiles) character file.

Game seed: 5015904139762417185

55 jasper the Insei (level 3, 0/18 HPs)
             Began as a Vine Stalker Transmuter on Mar 19, 2021.
             Succumbed to an adder's poison
             ... on level 3 of the Dungeon.
             The game lasted 00:02:02 (1070 turns).

jasper the Insei (Vine Stalker Transmuter)          Turns: 1070, Time: 00:02:03

Health: 0/18       AC:  7    Str: 12    XL:     3   Next: 93%
Magic:  2/7        EV:  9    Int: 14    God:
Gold:   29         SH:  5    Dex: 14    Spells: 5/6 levels left

rFire    . . .     SeeInvis .     - Unarmed
rCold    . . .     Faith    .   (no shield)
rNeg     . . .     Spirit   +   d - +0 scale mail
rPois    .         Reflect  +   (no helmet)
rElec    .         Harm     .   e - scarf {+Inv}
rCorr    .         Rampage  .   (no gloves)
Will     .....                  h - +0 pair of boots
Stlth    ..........             f - amulet of reflection
HPRegen  0.06/turn              g - ring of wizardry
MPRegen  0.10/turn              (no ring)

@: lethally poisoned (0 -> -5), flying
A: fangs 2, magic shield, antimagic bite, no potion heal 3
a: Evoke Invisibility


You were on level 3 of the Dungeon.
You visited 1 branch of the dungeon, and saw 3 of its levels.

You collected 29 gold pieces.

Inventory:

Armour
 a - a +0 robe
 d - a +0 scale mail (worn)
 e - a scarf of invisibility (worn)
 h - a +0 pair of boots (worn)
Jewellery
 f - an amulet of reflection (around neck)
 g - a ring of wizardry (right hand)
Scrolls
 b - a scroll of vulnerability {unknown}
 i - a scroll of enchant armour {unknown}
Potions
 c - a potion of flight


   Skills:
 + Level 1.7 Fighting
 + Level 2.1 Dodging
 * Level 3.9 Unarmed Combat
 - Level 2.1 Spellcasting
 - Level 2.0 Transmutations


You had 5 spell levels left.
You knew the following spells:

 Your Spells              Type           Power      Damage    Failure   Level
a - Beastly Appendage     Tmut           14%        N/A       22%         1

Your spell library contained the following spells:

 Spells                   Type           Power      Damage    Failure   Level
 Wereblood                Tmut           7%         N/A       32%         2
 Spider Form              Tmut/Pois      2%         N/A       67%         3
 Ice Form                 Ice/Tmut       4%         N/A       96%         4
 Blade Hands              Tmut           3%         N/A       99%         5


Dungeon Overview and Level Annotations

Branches:
Dungeon (3/15)

Altars:

Shops:
D:2 [


Innate Abilities, Weirdness & Mutations

You have extremely sharp teeth.
When hurt, damage is shared between your health and your magic reserves.
Your bite disrupts and absorbs the magic of your enemies.
Potions cannot restore your health.


Message History

The adder bites you.
You take 2 damage, and have 9/18 hp.
You closely miss the adder. Your kick misses the adder.
The adder is heavily wounded.
You feel sick. The adder bites you. The adder bites you but does no damage.
You take 1 damage, and have 8/18 hp.
You now have 3/7 mp.
You hit the adder. Your bite misses the adder.
The adder is almost dead.
The adder bites you but does no damage.
You barely miss the adder. Your headbutt misses the adder.
Your bite misses the adder.
The adder is almost dead.
The adder bites you.
* * * LOW HITPOINT WARNING * * *
You take 3 damage, and have 5/18 hp.
You now have 2/7 mp.
You closely miss the adder.
The adder is almost dead.
You block the adder's attack.
It was a potion of flight.
You feel very buoyant.
You fly up into the air.
You feel sick. The adder bites you but does no damage. The adder bites you.
* * * LOW HITPOINT WARNING * * *
You are lethally poisoned!
The adder poisons you!
You take 2 damage, and have 3/18 hp.
You now have 1/7 mp.
You hit the adder.
You kill the adder!
Your horns disappear.
Your talons disappear.
Your +0 pair of boots unmelds from your body.
There is a lethal amount of poison in your body!
* * * LOW HITPOINT WARNING * * *
You feel sick.
You take 1 damage, and have 2/18 hp.
* * * LOW HITPOINT WARNING * * *
You feel sick.
You take 1 damage, and have 1/18 hp.
* * * LOW HITPOINT WARNING * * *
You feel sick.
You die...

.........##.....
.........##.##...
..####.......#...
#. #.........##
#.####...........
#.......##......
...##...........
...........####.
....#..@.).#
....#.##...##
............###.
.......).........
..................
..................#
........#..........
........###........
...................


There were no monsters in sight!

Vanquished Creatures
  3 adders
  2 worms (D:2)
  An orc (D:3)
  3 bats
  3 giant cockroaches
  A goblin (D:3)
  2 hobgoblins
  4 kobolds
  A frilled lizard (D:2)
  2 rats
22 creatures vanquished.

Notes
Turn   | Place    | Note
-------+----------+-------------------------------------------
     0 | D:1      | jasper the Vine Stalker Transmuter began the quest for the
                  | Orb.
     0 | D:1      | Reached XP level 1. HP: 9/9 MP: 4/4
    19 | D:2      | Found Leddowee's Antique Armour Shoppe.
    58 | D:2      | Reached skill level 1 in Fighting
   121 | D:2      | Reached XP level 2. HP: 10/14 MP: 4/6
   544 | D:2      | Reached XP level 3. HP: 14/18 MP: 5/7
  1070 | D:3      | Succumbed to an adder's poison

Illustrated notes

Levels and vault maps discovered:
D:1:      psy_arrival_spokes, layout_loops_ring, hangedman_decor_growths
D:2:      layout_rooms, serial_shops, nicolae_shop_overgrown_old_shop
D:3:      layout_basic

Skill      XL: |  1  2 |
---------------+-------+-----
Fighting       | 1 |  1.7
Dodging        | 2 |  2.1
Unarmed Combat | |  3.9
Spellcasting   | |  2.1
Transmutations | |  2.0

Action                   || total
-------------------------++-------
Melee: Unarmed           ||    94
       Bite              ||    21
       Kick              ||    12
       Headbutt          ||     5
 Cast: Beastly Appendage ||     9
  Use: Potion            ||     1
Armor: Scale mail        ||    38
Dodge: Dodged            ||    29
Block: Other             ||    10

Table legend: (Time is in decaauts)
 A = Elapsed time spent in this place.
 B = Non-inter-level travel time spent in this place.
 C = Inter-level travel time spent in this place.
 D = Time resting spent in this place.
 E = Time spent auto-exploring this place.
 F = Levels seen in this place.
 G = Mean time per level.
                   A        B        C        D        E       F      G
               +--------+--------+--------+--------+--------+-----+--------+
         Total |   1062 |   1040 |     22 |     31 |    735 |   3 |  354.0 |
       Dungeon |   1062 |   1040 |     22 |     31 |    735 |   3 |  354.0 |
               +--------+--------+--------+--------+--------+-----+--------+

Top non-repeatable levels by time:
     D:2: 783 daAuts
     D:3: 268 daAuts
     D:1: 11 daAuts
